ABL
SOUTH MELBOURNE SWANS @ CARLTON BLUES
04/04/2022
 
TOP OF THE 1ST
South Melbourne Swans batting - Pitching for Carlton Blues : LHP Hung-k'uei Liao
Pitching: LHP Hung-k'uei Liao
Batting: LHB Braeden Scarth 0-0: Ground out 4-3 (Groundball, 4, EV 86.9 MPH)
Batting: RHB Juan Huezo 0-0: Ball
1-0: Ball
2-0: SINGLE (Line Drive, 78S, EV 101.3 MPH)
Batting: LHB Calvin Ingleby 0-0: Swinging Strike
0-1: Ball
1-1: Swinging Strike
1-2: Ball
2-2: Ball
3-2: Strikes out looking
Batting: RHB Logan Maxwell 0-0: Called Strike
0-1: Foul Ball, location: 23FF
0-2: Foul Ball, location: 2F
0-2: Strikes out swinging
Top of the 1st over - 0 runs, 1 hit, 0 errors, 1 left on base; South Melbourne 0 - Carlton 0
BOTTOM OF THE 1ST
Carlton Blues batting - Pitching for South Melbourne Swans : RHP Kadin Balby
Pitching: RHP Kadin Balby
Batting: LHB Cane Walburn 0-0: Swinging Strike
0-1: Called Strike
0-2: Ground out 5-3 (Groundball, 5, EV 85.6 MPH)
Batting: SHB Terry Heath 0-0: Ball
1-0: Ball
2-0: Foul Ball, location: 2F
2-1: Ball
3-1: Fly out, F9 (Flyball, 9D, EV 82.5 MPH)
Batting: RHB Mick Lees 0-0: Ground out 1-3 (Groundball, 13S, EV 64.4 MPH)
Bottom of the 1st over - 0 runs, 0 hits, 0 errors, 0 left on base; South Melbourne 0 - Carlton 0
TOP OF THE 2ND
South Melbourne Swans batting - Pitching for Carlton Blues : LHP Hung-k'uei Liao
Batting: RHB Hector Gomez 0-0: Called Strike
0-1: Called Strike
0-2: Strikes out swinging
Batting: RHB Mark Goudie 0-0: Ball
1-0: Foul Ball, location: 2F
1-1: Swinging Strike
1-2: Ball
2-2: Ball
3-2: Hit by Pitch
Batting: RHB Jarrod Rudder 0-0: Called Strike
0-1: Foul Ball, location: 3FF
0-2: Ball
1-2: Strikes out swinging
Batting: RHB David Sandercock 0-0: Swinging Strike
0-1: Ball
1-1: Swinging Strike
1-2: Foul Ball, location: 7LSF, Error on foul ball, E7
1-2: Foul Ball, location: 7LDF
1-2: Foul Ball, location: 3SF
1-2: Ball
2-2: Ground out 4-3 (Groundball, 34, EV 78.8 MPH)
Top of the 2nd over - 0 runs, 0 hits, 1 error, 1 left on base; South Melbourne 0 - Carlton 0
BOTTOM OF THE 2ND
Carlton Blues batting - Pitching for South Melbourne Swans : RHP Kadin Balby
Batting: LHB Michael Morrall 0-0: Ball
1-0: Swinging Strike
1-1: Called Strike
1-2: Ball
2-2: Ground out 4-3 (Groundball, 34, EV 105.0 MPH)
Batting: LHB Chris McFadgean 0-0: Ball
1-0: Ball
2-0: Ball
3-0: Base on Balls
Batting: LHB Hau Kapena 0-0: Ball
1-0: Called Strike
1-1: DOUBLE (Flyball, 7LD, EV 110.6 MPH)
Chris McFadgean to third
Runner from 3rd tries for Home, SAFE, throw by LF to home
Batting: RHB Nick Camira 0-0: Ball
1-0: Fly out, F4 (Popup, 4S, EV 82.5 MPH)
Batting: RHB Donny Creaser 0-0: Ball
1-0: DOUBLE (Groundball, 5L, EV 102.5 MPH)
Hau Kapena scores
Batting: LHB Hung-k'uei Liao 0-0: Ground out 4-3 (Groundball, 34D, EV 95.6 MPH)
Bottom of the 2nd over - 2 runs, 2 hits, 0 errors, 1 left on base; South Melbourne 0 - Carlton 2
TOP OF THE 3RD
South Melbourne Swans batting - Pitching for Carlton Blues : LHP Hung-k'uei Liao
Batting: SHB Kadin Balby 0-0: Foul Ball, location: 23F
0-1: Ground out 5-3 (Groundball, 56, EV 85.0 MPH)
Batting: LHB Braeden Scarth 0-0: Swinging Strike
0-1: Ball
1-1: Called Strike
1-2: Ball
2-2: Strikes out swinging
Batting: RHB Juan Huezo 0-0: Ball
1-0: Ball
2-0: Ball
3-0: Called Strike
3-1: Swinging Strike
3-2: Foul Ball, location: 5DF
3-2: Base on Balls
Batting: LHB Calvin Ingleby 0-0: Ball
1-0: Ball
2-0: Foul Ball, location: 7LMF
2-1: SINGLE (Line Drive, 8LS, EV 93.8 MPH)
Juan Huezo to second
Runner from 2nd tries for 3rd, SAFE, no throw by CF
Batting: RHB Logan Maxwell 0-0: Called Strike
0-1: Swinging Strike
0-2: Ball
1-2: Ball
2-2: Strikes out swinging
Top of the 3rd over - 0 runs, 1 hit, 0 errors, 2 left on base; South Melbourne 0 - Carlton 2
BOTTOM OF THE 3RD
Carlton Blues batting - Pitching for South Melbourne Swans : RHP Kadin Balby
Batting: LHB Cane Walburn 0-0: Ball
1-0: Ball
2-0: Ground out U3 (Groundball, 3S, EV 68.8 MPH)
Batting: SHB Terry Heath 0-0: Ball
1-0: Ground out 1-3 (Groundball, 13, EV 65.6 MPH)
Batting: RHB Mick Lees 0-0: Called Strike
0-1: Ball
1-1: Foul Ball, location: 25FF
1-2: Ground out 5-3 (Groundball, 56S, EV 68.1 MPH)
Bottom of the 3rd over - 0 runs, 0 hits, 0 errors, 0 left on base; South Melbourne 0 - Carlton 2
TOP OF THE 4TH
South Melbourne Swans batting - Pitching for Carlton Blues : LHP Hung-k'uei Liao
Batting: RHB Hector Gomez 0-0: Swinging Strike
0-1: Foul Ball, location: 9LDF
0-2: Ball
1-2: Ball
2-2: SINGLE (Groundball, 3S, EV 61.3 MPH) (infield hit)
Batting: RHB Mark Goudie 0-0: Fly out, F3 (Popup, 3S, EV 81.9 MPH)
Batting: RHB Jarrod Rudder 0-0: Ball
1-0: Foul Ball, location: 2F
1-1: Ball
2-1: Foul Ball, location: 2F
2-2: Strikes out swinging
Batting: RHB David Sandercock 0-0: Fly out, F8 (Flyball, 89D, EV 101.3 MPH)
Top of the 4th over - 0 runs, 1 hit, 0 errors, 1 left on base; South Melbourne 0 - Carlton 2
BOTTOM OF THE 4TH
Carlton Blues batting - Pitching for South Melbourne Swans : RHP Kadin Balby
Batting: LHB Michael Morrall 0-0: Called Strike
0-1: Swinging Strike
0-2: Ground out 1-3 (Groundball, 34S, EV 66.9 MPH)
Batting: LHB Chris McFadgean 0-0: Ball
1-0: Foul Ball, location: 2F
1-1: TRIPLE (Line Drive, 89XD, EV 106.3 MPH)
Batting: LHB Hau Kapena 0-0: Ball
1-0: Swinging Strike
1-1: Ball
2-1: Ball
3-1: Swinging Strike
3-2: Foul Ball, location: 23FF
3-2: Foul Ball, location: 2F
3-2: Foul Ball, location: 23F
3-2: Foul Ball, location: 2F
3-2: Foul Ball, location: 2F
3-2: Base on Balls
Batting: RHB Nick Camira 0-0: Fly out, F9 (Flyball, 89S, EV 80.0 MPH)
Batting: RHB Donny Creaser 0-0: Ball
1-0: Ball
2-0: Called Strike
2-1: Foul Ball, location: 9LDF
2-2: Strikes out swinging, 2-3 out at first.
Bottom of the 4th over - 0 runs, 1 hit, 0 errors, 2 left on base; South Melbourne 0 - Carlton 2
TOP OF THE 5TH
South Melbourne Swans batting - Pitching for Carlton Blues : LHP Hung-k'uei Liao
Pinch Hitting: LHB C.B. Hadingham 0-0: Foul Ball, location: 7LMF
0-1: Swinging Strike
0-2: Strikes out looking
Batting: LHB Braeden Scarth 0-0: Ball
1-0: Ground out 4-3 (Groundball, 4, EV 101.3 MPH)
Batting: RHB Juan Huezo 0-0: Called Strike
0-1: Foul Ball, location: 23F
0-2: Strikes out swinging
Top of the 5th over - 0 runs, 0 hits, 0 errors, 0 left on base; South Melbourne 0 - Carlton 2
BOTTOM OF THE 5TH
Carlton Blues batting - Pitching for South Melbourne Swans : RHP Kadin Balby
Pitching: RHP Steve Sinden
Batting: LHB Hung-k'uei Liao 0-0: Ball
1-0: Foul Ball, location: 25F
1-1: Foul Ball, location: 7LSF
1-2: Ball
2-2: Foul Ball, location: 3FF
2-2: Fly out, F7 (Line Drive, 7, EV 104.4 MPH)
Batting: LHB Cane Walburn 0-0: Ball
1-0: Called Strike
1-1: Ball
2-1: Ground out 4-3 (Groundball, 4, EV 96.3 MPH)
Batting: SHB Terry Heath 0-0: Ball
1-0: Foul Ball, location: 2F
1-1: Fly out, F9 (Line Drive, 89M, EV 105.0 MPH)
Bottom of the 5th over - 0 runs, 0 hits, 0 errors, 0 left on base; South Melbourne 0 - Carlton 2
TOP OF THE 6TH
South Melbourne Swans batting - Pitching for Carlton Blues : LHP Hung-k'uei Liao
Batting: LHB Calvin Ingleby 0-0: Swinging Strike
0-1: Fly out, F8 (Flyball, 78M, EV 88.8 MPH)
Batting: RHB Logan Maxwell 0-0: Ball
1-0: Called Strike
1-1: DOUBLE (Flyball, 8LXD, EV 106.3 MPH)
Batting: RHB Hector Gomez 0-0: Foul Ball, location: 3F
0-1: 2-RUN HOME RUN (Flyball, 7D, EV 95.0 MPH), Distance : 351 ft
Pitching: LHP Mitch Flegg
Batting: RHB Mark Goudie 0-0: Ball
1-0: Called Strike
1-1: Swinging Strike
1-2: Ball
2-2: Foul Ball, location: 2F
2-2: Ball
3-2: Strikes out swinging
Batting: RHB Jarrod Rudder 0-0: Swinging Strike
0-1: Ball
1-1: Foul Ball, location: 9LMF
1-2: Ball
2-2: Foul Ball, location: 5F
2-2: Strikes out swinging
Top of the 6th over - 2 runs, 2 hits, 0 errors, 0 left on base; South Melbourne 2 - Carlton 2
BOTTOM OF THE 6TH
Carlton Blues batting - Pitching for South Melbourne Swans : RHP Steve Sinden
Batting: RHB Mick Lees 0-0: Ball
1-0: Ball
2-0: Ball
3-0: Called Strike
3-1: Called Strike
3-2: Foul Ball, location: 2F
3-2: Base on Balls
Batting: LHB Michael Morrall 0-0: Ball
1-0: Fly out, F8 (Flyball, 8RM, EV 86.3 MPH)
Batting: LHB Chris McFadgean 0-0: Foul Ball, location: 5F
0-1: Ball
1-1: DOUBLE (Flyball, 7LD, EV 100.0 MPH)
Mick Lees to third
Batting: LHB Hau Kapena 0-0: Ball
1-0: Ball
2-0: Called Strike
2-1: Ball
3-1: Foul Ball, location: 23F
3-2: Foul Ball, location: 2F
3-2: Base on Balls
Batting: RHB Nick Camira 0-0: Called Strike
0-1: Ball
1-1: SINGLE (Groundball, 4, EV 86.3 MPH)
Mick Lees scores
Chris McFadgean to third
Hau Kapena to second
Batting: RHB Donny Creaser 0-0: Ball
1-0: Called Strike
1-1: Ball
2-1: Ball
3-1: Called Strike
3-2: Strikes out swinging
Pinch Hitting: RHB Ben Brennan 0-0: Ball
1-0: Fly out, F7 (Flyball, 78D, EV 98.1 MPH)
Bottom of the 6th over - 1 run, 2 hits, 0 errors, 3 left on base; South Melbourne 2 - Carlton 3
TOP OF THE 7TH
South Melbourne Swans batting - Pitching for Carlton Blues : LHP Mitch Flegg
Pitching: LHP Zain Bolt
Batting: RHB David Sandercock 0-0: Fly out, F2 (Popup, 15S, EV 91.3 MPH)
Pinch Hitting: RHB Michael Hancock 0-0: Ball
1-0: Ground out U3 (Groundball, 34, EV 82.5 MPH)
Pinch Hitting: RHB Kole Palethorpe 0-0: Ball
1-0: Ball
2-0: Ground out 5-3 (Groundball, 56, EV 91.3 MPH)
Top of the 7th over - 0 runs, 0 hits, 0 errors, 0 left on base; South Melbourne 2 - Carlton 3
BOTTOM OF THE 7TH
Carlton Blues batting - Pitching for South Melbourne Swans : RHP Steve Sinden
Pitching: RHP Luke Hornby
Now in LF: Kole Palethorpe
Batting: LHB Cane Walburn 0-0: Foul Ball, location: 2F
0-1: SINGLE (Line Drive, 78M, EV 105.6 MPH)
Batting: SHB Terry Heath 0-0: Called Strike
0-1: Fly out, F2 (Popup, 15S, EV 92.5 MPH)
Batting: RHB Mick Lees 0-0: Ball
1-0: Ball
2-0: Called Strike
2-1: Ball
3-1: Fielders Choice at 2nd, 5-4 (Groundball, 56, EV 81.9 MPH)
Batting: LHB Michael Morrall 0-0: Ball
1-0: Swinging Strike
1-1: Ball
2-1: Foul Ball, location: 2F
2-2: Strikes out looking
Bottom of the 7th over - 0 runs, 1 hit, 0 errors, 1 left on base; South Melbourne 2 - Carlton 3
TOP OF THE 8TH
South Melbourne Swans batting - Pitching for Carlton Blues : LHP Zain Bolt
Batting: RHB Juan Huezo 0-0: Called Strike
0-1: Ball
1-1: SINGLE (Groundball, 2L, EV 70.6 MPH) (infield hit)
Batting: LHB Calvin Ingleby 0-0: Called Strike
0-1: Ball
1-1: Called Strike
1-2: SINGLE (Line Drive, 4D, EV 97.5 MPH)
Juan Huezo to second
Runner from 2nd tries for 3rd, OUT! 9-5
Batting: RHB Logan Maxwell 0-0: Called Strike
0-1: Fly out, F5 (Popup, 56S, EV 85.6 MPH)
Batting: RHB Hector Gomez 0-0: Called Strike
0-1: Foul Ball, location: 9LDF
0-2: Fly out, F7 (Flyball, 78M, EV 93.1 MPH)
Top of the 8th over - 0 runs, 2 hits, 0 errors, 1 left on base; South Melbourne 2 - Carlton 3
BOTTOM OF THE 8TH
Carlton Blues batting - Pitching for South Melbourne Swans : RHP Luke Hornby
Batting: LHB Chris McFadgean 0-0: Foul Ball, location: 25F
0-1: Ball
1-1: Ball
2-1: Swinging Strike
2-2: Fly out, F8 (Flyball, 8RD, EV 92.5 MPH)
Batting: LHB Hau Kapena 0-0: Swinging Strike
0-1: Ball
1-1: Called Strike
1-2: Strikes out swinging
Batting: RHB Nick Camira 0-0: Called Strike
0-1: Ball
1-1: Ball
2-1: Swinging Strike
2-2: Ball
3-2: Strikes out swinging
Bottom of the 8th over - 0 runs, 0 hits, 0 errors, 0 left on base; South Melbourne 2 - Carlton 3
TOP OF THE 9TH
South Melbourne Swans batting - Pitching for Carlton Blues : LHP Zain Bolt
Pitching: LHP Gerald Cardell
Now at 3B: Alan Francombe
Batting: RHB Mark Goudie 0-0: Ball
1-0: Ball
2-0: DOUBLE (Line Drive, 3D, EV 96.3 MPH)
Batting: RHB Jarrod Rudder 0-0: Foul Ball, location: 2F
0-1: Swinging Strike
0-2: Strikes out looking
Batting: RHB David Sandercock 0-0: Called Strike
0-1: Ball
1-1: Ball
2-1: Ball
3-1: Foul Ball, location: 2F
3-2: Strikes out looking
Pinch Hitting: RHB Rhett Johnston 0-0: Called Strike
0-1: Ball
1-1: Ball
2-1: Ball
3-1: Base on Balls
Batting: RHB Kole Palethorpe 0-0: Fly out, F8 (Flyball, 8LXD, EV 88.1 MPH)
Top of the 9th over - 0 runs, 1 hit, 0 errors, 2 left on base; South Melbourne 2 - Carlton 3
Sunday, April 21st , 2024 - OOTP Baseball 24.9 Build 80